 Dungeon Crawl Stone Soup version 0.27-a0-1196-g3e9cee4cb2 (webtiles) character file.

Game seed: 13305607979850360624

28 mandarbmax the Stinger (level 2, -3/19 HPs)
             Began as a Demonspawn Venom Mage on May 29, 2021.
             Slain by Sigmund
             ... wielding a +0 scythe
              (9 damage)
             ... on level 2 of the Dungeon.
             The game lasted 00:03:07 (1510 turns).

mandarbmax the Stinger (Demonspawn Venom Mage)      Turns: 1510, Time: 00:03:08

Health: -3/19      AC:  2    Str:  8    XL:     2   Next: 96%
Magic:  5/5        EV: 12    Int: 16    God:
Gold:   55         SH:  0    Dex: 13    Spells: 4/5 levels left

rFire    . . .     SeeInvis .   d - +0 dagger
rCold    . . .     Faith    .   (no shield)
rNeg     + . .     Spirit   .   a - +0 robe
rPois    .         Reflect  .   (no helmet)
rElec    .         Harm     .   (no cloak)
rCorr    .         Rampage  .   (no gloves)
Will     .....                  (no boots)
Stlth    +.........             (no amulet)
HPRegen  0.06/turn              f - ring of positive energy
MPRegen  0.09/turn              (no ring)

@: confused
A: foul stench 1
a: no special abilities


You were on level 2 of the Dungeon.
You visited 1 branch of the dungeon, and saw 2 of its levels.

You collected 55 gold pieces.

Inventory:

Hand Weapons
 d - a +0 dagger (weapon)
Armour
 a - a +0 robe (worn)
Jewellery
 f - a ring of positive energy (left hand)
Scrolls
 b - a scroll of identify {unknown}
 e - 2 scrolls of teleportation {unknown}
Potions
 c - a potion of attraction {unknown}


   Skills:
 - Level 2.0 Dodging
 - Level 1.7 Stealth
 - Level 2.0 Spellcasting
 - Level 1.0 Transmutations
 + Level 4.0 Poison Magic


You had 4 spell levels left.
You knew the following spells:

 Your Spells              Type           Power      Damage    Failure   Level
a - Sting                 Tmut/Pois      36%        1d4       8%          1

Your spell library contained the following spells:

 Spells                   Type           Power      Damage    Failure   Level
 Poisonous Vapours        Pois/Air       16%        N/A       14%         2
 Ignite Poison            Fire/Tmut/Pois 7%         N/A       30%         3
 Mephitic Cloud           Conj/Pois/Air  5%         N/A       34%         3
 Olgreb's Toxic Radiance  Pois           14%        N/A       36%         4


Dungeon Overview and Level Annotations

Branches:
Dungeon (2/15)

Altars:

Annotations:
D:2 Sigmund


Innate Abilities, Weirdness & Mutations

You may rarely emit foul miasma when damaged in melee.


Message History

The sting hits the jackal.
The jackal looks even sicker.
You kill the jackal!
Done exploring.
Done exploring.
Done exploring.
(D) Dungeon
Where to? (? - help)
There is a stone staircase leading down here.
You climb downwards.
There is a stone staircase leading up here.
Okay, then.
Found a stone staircase leading up.
f - a ring of positive energy
f - a ring of positive energy (left hand) Sigmund the Dreaded comes into view.
He is wielding a +0 scythe and wearing a +0 robe of positive energy.
Found a long sword.
Sigmund is nearby!
Sigmund shouts!
Sigmund points at you and mumbles some strange words.
The puff of flame hits you!
Ouch! That really hurt!
You are too injured to fight recklessly!
Sigmund points at you and mumbles some strange words.
The puff of flame misses you.
An endoplasm comes into view.
There is a stone staircase leading up here.
Sigmund gestures at you while chanting.
You are confused.
In your confused state, you trip and fall back down the stairs.
Sigmund says, "Look into my eyes."
Unknown command.
Unknown command.
In your confused state, you trip and fall back down the stairs.
Sigmund points at you and mumbles some strange words.
You are more confused.
In your confused state, you trip and fall back down the stairs.
In your confused state, you trip and fall back down the stairs.
Sigmund barely misses you.
Sigmund hits you from afar with a +0 scythe!
You die...

# . .# ... ###.#
#..#####... #....##.##
#...@.### ##.@.#...##
##..#####..##...
.).######.....<..........
..@...................#.#
......#..#########......#
.#### #.## ....### ...#
###.# .#### .#


You could see Sigmund.

Vanquished Creatures
  A dart slug (D:1)
  2 ball pythons (D:1)
  2 endoplasms (D:1)
  A giant cockroach (D:1)
  3 goblins (D:1)
  4 hobgoblins (D:1)
  3 jackals (D:1)
  2 bats (D:1)
  A frilled lizard (D:1)
  2 rats (D:1)
21 creatures vanquished.

Notes
Turn   | Place    | Note
-------+----------+-------------------------------------------
     0 | D:1      | mandarbmax the Demonspawn Venom Mage began the quest for
                  | the Orb.
     0 | D:1      | Reached XP level 1. HP: 13/13 MP: 3/3
    15 | D:1      | Reached skill level 1 in Transmutations
   630 | D:1      | Gained mutation: You may rarely emit foul miasma when
                  | damaged in melee. [demonic ancestry]
   630 | D:1      | Reached XP level 2. HP: 19/19 MP: 1/5
  1247 | D:1      | Reached skill level 4 in Poison Magic
  1493 | D:2      | Noticed Sigmund
  1510 | D:2      | Slain by Sigmund

Illustrated notes

Levels and vault maps discovered:
D:1:      mrwooster_arrival_statue_2, layout_basic,
          chequers_serial_rivers_micro_b, corexii_leaking_fountain,
          minmay_crystal_water
D:2:      layout_rooms, ebering_ecumenical_altar_petrified, uniq_robin,
          uniq_sigmund

Skill      XL: |  1  2 |
---------------+-------+-----
Transmutations | 1 |  1.0
Dodging        | 2 |  2.0
Poison Magic   | 4 |  4.0
Stealth        | |  1.7
Spellcasting   | |  2.0

Action                   || total
-------------------------++-------
Melee: Unarmed           ||     2
 Cast: Sting             ||    43
Dodge: Dodged            ||    13

Table legend: (Time is in decaauts)
 A = Elapsed time spent in this place.
 B = Non-inter-level travel time spent in this place.
 C = Inter-level travel time spent in this place.
 D = Time resting spent in this place.
 E = Time spent auto-exploring this place.
 F = Levels seen in this place.
 G = Mean time per level.
                   A        B        C        D        E       F      G
               +--------+--------+--------+--------+--------+-----+--------+
         Total |   1512 |   1499 |     13 |    207 |   1095 |   2 |  756.0 |
       Dungeon |   1512 |   1499 |     13 |    207 |   1095 |   2 |  756.0 |
               +--------+--------+--------+--------+--------+-----+--------+

Top non-repeatable levels by time:
     D:1: 1480 daAuts
     D:2: 32 daAuts
